 Dungeon Crawl Stone Soup version 0.22-a0-422-g9628fc8 (webtiles) character file.

695522 MisterFreud the Petrodigitator (level 27, -7/182 HPs)
             Began as a Gargoyle Earth Elementalist on May 12, 2018.
             Was the Champion of Vehumet.
             Killed from afar by an orb of fire (28 damage)
             ... with a bolt of fire
             ... on level 5 of the Realm of Zot on May 16, 2018.
             The game lasted 08:35:29 (100785 turns).

MisterFreud the Petrodigitator (GrEE)             Turns: 100785, Time: 08:35:30

Health: -7/182     AC: 50    Str: 16      XL:     27
Magic:  20/39      EV: 11    Int: 20 (21) God:    Vehumet [******]
Gold:   6017       SH: 36    Dex: 10 (11) Spells: 20/70 levels left

rFire    + + .     SeeInvis +   X - staff of earth
rCold    x . .     Gourm    .   b - +18 shield of the Gong {rElec rN+ MR+ EV-5}
rNeg     + + .     Faith    .   S - +8 fire dragon scales
rPois    ∞         Spirit   .   s - +2 helmet
rElec    +         Reflect  +   m - +2 cloak
rCorr    .         Harm     .   u - +0 pair of gloves {Dex+3}
MR       ++++.                  n - +2 pair of boots
Stlth    ..........             a - +5 amulet of reflection
HPRegen  0.00/turn              G - ring of see invisible
MPRegen  0.26/turn              J - ring "Biwom" {MR+ EV+3}

@: flying, hasted, very quick
A: big wings, blurry vision 2, clumsy 1, deformed body, deterioration 1, dopey
2, low mp 2, negative energy resistance 1, electricity resistance, inhibited
regeneration, unbreathing, petrification resistance, rot immunity, AC +20
}: 3/15 runes: decaying, serpentine, silver
a: Stop Flying, Renounce Religion


You were on level 5 of the Realm of Zot.
You worshipped Vehumet.
Vehumet was exalted by your worship.
You were not hungry.

You visited 10 branches of the dungeon, and saw 50 of its levels.
You also visited: Ice Cave and Wizlab.

You collected 8374 gold pieces.
You spent 2357 gold pieces at shops.

Inventory:

Armour
 b - the +18 shield of the Gong (worn) {rElec rN+ MR+ EV-5}
   (You acquired it on level 4 of the Realm of Zot)

   It affects your evasion (-5).
   It insulates you from electricity.
   It protects you from negative energy.
   It affects your resistance to hostile enchantments.
 m - a +2 cloak (worn)
 n - a +2 pair of boots (worn)
 s - a +2 helmet (worn)
 u - a +0 pair of gloves of dexterity (worn)
 S - +8 fire dragon scales (worn)
Magical Staves
 X - an uncursed staff of earth (weapon)
Jewellery
 a - a +5 amulet of reflection (around neck)
 i - an uncursed ring of positive energy
 w - an uncursed ring of protection from magic
 B - a +5 ring of protection
 G - a ring of see invisible (left hand)
 J - the ring "Biwom" (right hand) {MR+ EV+3}
   (You took it off a draconian monk on level 3 of the Realm of Zot)

   [ring of evasion]

   It affects your evasion (+3).
   It affects your resistance to hostile enchantments.
 R - an uncursed ring of protection from cold
Wands
 g - a wand of clouds (20)
 l - a wand of digging (65)
 p - a wand of paralysis (39)
 v - a wand of iceblast (50)
 D - a wand of disintegration (62)
 F - a wand of polymorph (71)
 H - a wand of enslavement (40)
 M - a wand of acid (92)
 O - a wand of scattershot (5)
Scrolls
 c - 10 scrolls of fog
 j - 10 scrolls of teleportation
 o - 8 scrolls of holy word
 q - 7 scrolls of silence
 t - 6 scrolls of blinking
 x - 2 scrolls of fear
 A - 5 scrolls of magic mapping
 K - 18 scrolls of remove curse
 Z - 12 scrolls of identify
Potions
 e - 3 potions of brilliance
 f - 4 potions of cancellation
 h - 23 potions of curing
 k - 3 potions of agility
 r - 2 potions of resistance
 z - 3 potions of haste
 C - 2 potions of magic
 T - 8 potions of ambrosia
Miscellaneous
 y - 2 boxes of beasts
 I - a phial of floods
 P - a fan of gales
 Q - a lightning rod (4/4)
 U - a lamp of fire
 W - 3 sacks of spiders
 Y - 2 phantom mirrors
Comestibles
 d - 17 rations
 L - a chunk of flesh


   Skills:
 - Level 21.0 Fighting
 - Level 12.0 Staves
 - Level 15.0 Armour
 - Level 10.0 Dodging
 - Level 2.1 Stealth
 - Level 15.0 Shields
 - Level 22.0 Spellcasting
 + Level 19.2 Conjurations
 - Level 14.0 Summonings
 - Level 3.0 Translocations
 - Level 0.7 Transmutations
 O Level 27 Earth Magic
 - Level 10.0 Evocations


You had 20 spell levels left.
You knew the following spells:

 Your Spells              Type           Power        Failure   Level  Hunger
c - Lee's Rapid Deconstr  Erth           ########..   0%          5    None
d - Iron Shot             Conj/Erth      ########..   1%          6    ###....
e - Blink                 Tloc           N/A          2%          2    None
g - Lehudib's Crystal Sp  Conj/Erth      ########..   1%          8    ######.
h - Shatter               Erth           ########..   2%          9    #######
i - Borgnjor's Vile Clut  Necr/Erth      #######...   1%          5    None
j - Passwall              Tmut/Erth      #######...   1%          2    None
k - Spellforged Servitor  Conj/Summ      ######....   1%          7    #####..
l - Shadow Creatures      Summ           N/A          3%          6    ###....

Your spell library contained the following spells:

 Spells                   Type           Power        Failure   Level  Hunger
 Cause Fear               Hex            ###.......   52%         4    None
 Magic Dart               Conj           ####         0%          1    None
 Fireball                 Conj/Fire      ######....   1%          5    None
 Apportation              Tloc           ####..       1%          1    None
 Conjure Flame            Conj/Fire      ######..     1%          3    None
 Bolt of Fire             Conj/Fire      ######....   5%          6    ###....
 Bolt of Cold             Conj/Ice       ######....   5%          6    ###....
 Lightning Bolt           Conj/Air       ######....   1%          5    None
 Bolt of Magma            Conj/Fire/Erth #######...   1%          5    None
 Slow                     Hex            ###.....     9%          2    None
 Confuse                  Hex            ###.....     19%         3    None
 Invisibility             Hex            ###.....     100%        6    ###....
 Throw Flame              Conj/Fire      ######       1%          2    None
 Controlled Blink         Tloc           N/A          100%        8    ######.
 Freezing Cloud           Conj/Ice/Air   #####.....   17%         6    ###....
 Mephitic Cloud           Conj/Pois/Air  #####...     1%          3    None
 Ring of Flames           Chrm/Fire      ###.......   100%        7    #####..
 Venom Bolt               Conj/Pois      ######....   1%          5    None
 Olgreb's Toxic Radiance  Pois           ###.....     16%         4    None
 Summon Small Mammal      Summ           ####         1%          1    None
 Bolt of Draining         Conj/Necr      ######....   1%          5    None
 Iskenderun's Mystic Bla  Conj           #######.     0%          4    None
 Animate Skeleton         Necr           N/A          6%          1    None
 Freeze                   Ice            ###.         1%          1    None
 Ozocubu's Refrigeration  Ice            ###.......   89%         6    ###....
 Sticky Flame             Conj/Fire      ######..     1%          4    None
 Summon Ice Beast         Ice/Summ       ######..     3%          4    None
 Ozocubu's Armour         Chrm/Ice       ###.....     19%         3    None
 Call Imp                 Summ           ######..     1%          2    None
 Dispel Undead            Necr           ###.....     86%         5    None
 Regeneration             Chrm/Necr      ###.......   19%         3    None
 Sting                    Conj/Pois      ####         1%          1    None
 Sublimation of Blood     Necr           ###.......   9%          2    None
 Tukima's Dance           Hex            ###.....     19%         3    None
 Summon Demon             Summ           ######....   1%          5    None
 Corpse Rot               Necr           N/A          9%          2    None
 Stone Arrow              Conj/Erth      ######       0%          3    None
 Shock                    Conj/Air       ####         1%          1    None
 Swiftness                Chrm/Air       ###.....     9%          2    None
 Recall                   Summ/Tloc      N/A          1%          3    None
 Spider Form              Tmut/Pois      ###.......   16%         3    None
 Blade Hands              Tmut           ###.......   77%         5    None
 Statue Form              Tmut/Erth      #######..    3%          6    ###....
 Ice Form                 Ice/Tmut       ###.....     45%         4    None
 Dragon Form              Tmut           ###.......   100%        7    #####..
 Death Channel            Necr           ###.......   100%        6    ###....
 Deflect Missiles         Chrm/Air       ###.......   100%        6    ###....
 Throw Icicle             Conj/Ice       ######..     1%          4    None
 Airstrike                Air            ###.......   16%         4    None
 Confusing Touch          Hex            ###...       6%          1    None
 Flame Tongue             Conj/Fire      #####        1%          1    None
 Ignite Poison            Fire/Tmut/Pois ###.....     4%          3    None
 Sticks to Snakes         Tmut           ###.....     7%          2    None
 Call Canine Familiar     Summ           ######..     1%          3    None
 Ensorcelled Hibernation  Hex/Ice        ###...       9%          2    None
 Metabolic Englaciation   Hex/Ice        ###.......   86%         5    None
 Summon Butterflies       Summ           ######..     1%          1    None
 Silence                  Hex/Air        ###.......   86%         5    None
 Dispersal                Tloc           ####......   95%         6    ###....
 Static Discharge         Conj/Air       ######..     1%          3    None
 Corona                   Hex            ###....      6%          1    None
 Alistair's Intoxication  Tmut/Pois      ###.....     82%         5    None
 Sandblast                Erth           ######       0%          1    None
 Simulacrum               Ice/Necr       ###.......   100%        6    ###....
 Excruciating Wounds      Chrm/Necr      ###.......   86%         5    None
 Portal Projectile        Hex/Tloc       ####..       10%         3    None
 Petrify                  Tmut/Erth      #######.     1%          4    None
 Passage of Golubria      Tloc           N/A          17%         4    None
 Leda's Liquefaction      Hex/Erth       #######...   1%          4    None
 Summon Hydra             Summ           ######....   16%         7    #####..
 Darkness                 Hex            ###.......   100%        6    ###....
 Inner Flame              Hex/Fire       ###.....     5%          3    None
 Aura of Abjuration       Summ           ######....   1%          5    None
 Beastly Appendage        Tmut           ###...       4%          1    None
 Disjunction              Tloc           ####......   100%        8    ######.
 Iskenderun's Battlesphe  Conj/Chrm      ######..     1%          5    None
 Fulminant Prism          Conj/Hex       ######....   1%          4    None
 Dazzling Spray           Conj/Hex       ######       1%          3    None
 Force Lance              Conj/Tloc      ######..     1%          4    None
 Searing Ray              Conj           ######       0%          2    None
 Discord                  Hex            ###.......   100%        8    ######.
 Summon Forest            Summ/Tloc      ######....   4%          5    None
 Dragon's Call            Summ           ######....   100%        9    #######
 Summon Mana Viper        Hex/Summ       ######..     10%         5    None
 Hydra Form               Tmut           ###.......   100%        6    ###....
 Irradiate                Conj/Tmut      ######....   1%          5    None
 Gell's Gravitas          Tloc           ####......   5%          3    None
 Yara's Violent Unravell  Hex/Tmut       ###.......   34%         5    None
 Lesser Beckoning         Tloc           ####......   5%          3    None
 Poisonous Vapours        Pois/Air       ###...       9%          2    None
 Ignition                 Fire           ###.......   100%        8    ######.


Dungeon Overview and Level Annotations

Branches:
Dungeon (15/15)            Temple (1/1) D:4            Lair (6/6) D:9
  Swamp (4/4) Lair:2        Snake (4/4) Lair:4        Slime (0/5) Lair:5
    Orc (2/2) D:9             Elf (3/3) Orc:2        Vaults (5/5) D:14
  Crypt (0/3) Vaults:3     Depths (5/5) D:15            Zot (5/5) Depths:5

Altars:
Ashenzari
Cheibriados
Dithmenos
Elyvilon
Fedhas
Gozag
Kikubaaqudgha
Makhleb
Nemelex Xobeh
Okawaru
Qazlal
Sif Muna
Vehumet
Wu Jian
Xom
Yredelemnul
Zin
Beogh

Shops:
D:4 *   D:9 [   Orc:1 (   Orc:2 =*(=:(   Elf:1 =*[(=   Vaults:3 [   Depths:1 [
Depths:2 !(*:

Portals:
Hell: Depths:1 Depths:2 Depths:3 Depths:4 Depths:5
Abyss: Depths:1 Depths:4 Depths:5
Pandemonium: Depths:3
Ziggurat: Depths:4
Trove: D:10 (give 2 scrolls of acquirement)

Annotations:
Depths:5 1 runed door


Innate Abilities, Weirdness & Mutations

You are resistant to torment.
Your stone body is resilient. (AC +20)
You are immune to poison.
Your large and strong wings let you fly indefinitely.
You resist negative energy. (rN+)
You are resistant to electric shocks. (rElec)
You can survive without breathing.
You are immune to petrification.
You are immune to rotting.
Scrolls take you longer to read.
You are clumsy. (Dex -2)
Armour fits poorly on your strangely shaped body.
Your body sometimes deteriorates upon taking damage.
You are very dopey. (Int -4)
Your magical capacity is very low. (-20% MP)
You do not regenerate when monsters are visible.


Message History

The fireball explodes!
The fireball engulfs you! You resist.
* * * LOW HITPOINT WARNING * * *
Your body deteriorates!
You feel dopey.
The orb of fire glows red.
The fireball explodes!
The fireball engulfs you! You resist.
* * * LOW HITPOINT WARNING * * *
You hear a roar!
You feel much better.
The orb of fire glows yellow.
Strange energies course through your body.
You feel stupid.
The orb of fire glows red.
The fireball explodes!
The fireball engulfs you! You resist.
* * * LOW HITPOINT WARNING * * *
Okay, then.
The orb of fire glows yellow.
The fireball explodes!
The fireball engulfs you! You resist.
The orb of fire emits a lurid red light.
The bolt of fire hits you! You resist.
You die...

,,,,,,* ▓#.)...........#
#...... ,,,,,,*
##...........## #......
,,,,,,* #.........*.#
#...... ,,,,,,*
##...........## #......
,,,,,** #.............#
##..... ,,,,**
##.............## ##^...
,,,** #...............#
##... ###*
▓▓▓########..#######▓▓
#### ..# #..# #...#@...##
#..# #..# ..#
#..####.........###..#
#..# ..#
#..##.#.#.#.##...##..#
#..# ..#
#............##......#
#..# ..#
##..#.#.#.#.####....##
#..# ..##
##...........##...## ##..#
...##
###.#.#<#.#.#.....####...#
#...##
#.............#...##..?..
.....##
##.#.#.#.#...###......#..


You could see an orb of fire.

Vanquished Creatures
  8 orbs of fire
  6 ancient liches
  A juggernaut (Depths:4)
  Sojobo (Depths:3)
  Boris (Depths:3)
  2 curse toes (Zot:2)
  19 golden dragons
  A caustic shrike (Depths:4)
  Nikola (Depths:3)
  Jory (Depths:3)
  2 bone dragons (Depths:5)
  2 electric golems
  Jorgrun (Swamp:2)
  15 tentacled monstrosities
  3 Orb Guardians (Zot:5)
  9 liches
  8 quicksilver dragons
  3 deep elf blademasters
  7 titans
  2 deep elf master archers (Elf:3)
  The ghost of Ratty the Sniper, an adept MiBe of Trog (Vaults:1)
  Frances (Swamp:2)
  Agnes (Snake:3)
  5 sphinxes
  12 death cobs
  Gastronok (D:8)
  20 storm dragons
  A thorn hunter (Swamp:2)
  17 tengu reavers
  19 shadow dragons
  Donald (Swamp:1)
  Roxanne (Elf:3)
  7 draconian monks
  7 nagarajas
  4 ghost moths
  15 frost giants
  11 fire giants
  13 deep elf sorcerers
  2 orc warlords (Depths:1)
  5 draconian knights
  16 vault wardens
  5 iron dragons
  A balrug (Depths:4)
  5 deep elf elementalists
  A caustic shrike zombie (D:15)
  4 draconian shifters
  Louise (Elf:3)
  A ghoul (Vaults:3)
  5 draconian stormcallers
  4 draconian annihilators
  24 ironheart preservers
  An entropy weaver (Vaults:2)
  5 war gargoyles (Vaults:5)
  3 spriggan defenders
  12 very ugly things
  4 vampire knights
  Nessos (D:12)
  15 stone giants
  7 green draconians
  9 yellow draconians
  22 purple draconians
  13 deep elf demonologists
  13 black draconians
  11 red draconians
  7 white draconians
  18 deep elf annihilators
  A spark wasp (Zot:3)
  A spark wasp (shapeshifter) (Depths:4)
  9 statues (WizLab)
  4 deep elf death magi
  A merfolk javelineer (Depths:2)
  19 ettins
  14 fire dragons
  An ettin (shapeshifter) (Depths:4)
  Josephine (D:14)
  17 yaktaur captains
  2 crystal guardians
  8 deep elf high priests
  Snorg (Lair:3)
  22 hydras
  10 ogre magi
  3 rakshasas
  20 ice dragons
  5 spriggan air magi
  32 vault guards
  22 naga warriors
  10 great orbs of eyes
  2 catoblepae (Lair:4)
  A ghost crab (Swamp:2)
  35 two-headed ogres
  Erica (Lair:1)
  36 dancing weapons
  9 alligators
  4 death knights
  6 centaur warriors
  11 anacondas
  9 deep troll shamans
  A tengu warrior (Depths:3)
  7 deep troll earth magi
  12 death yaks
  A vampire mage (Depths:3)
  10 spriggan berserkers
  A titan zombie (D:15)
  16 naga sharpshooters
  8 hell knights
  6 shock serpents
  2 sun demons (Depths:2)
  6 orc high priests
  27 deep elf knights
  2 shadow wraiths
  Nergalle (Lair:4)
  A fire crab (shapeshifter) (Depths:4)
  19 skeletal warriors
  A salamander mystic (Snake:4)
  2 glowing orange brains
  3 unseen horrors (Vaults:1)
  30 deep trolls
  10 naga ritualists
  A spriggan druid (Swamp:4)
  6 harpies
  6 shambling mangroves
  12 orc knights
  7 flayed ghosts
  25 deep elf archers
  A tengu zombie (D:15)
  Pikel (D:4)
  2 lindwurms (shapeshifter)
  85 deep elf magi
  15 ironbrand convokers
  7 phantasmal warriors
  5 swamp dragons
  4 wizards
  A shadow dragon skeleton (Vaults:4)
  5 necromancers
  15 mana vipers
  33 ugly things
  4 wolf spiders
  7 orc sorcerers
  A harpy (shapeshifter) (Depths:4)
  A tengu skeleton (D:15)
  A manticore (D:12)
  A human zombie (Vaults:4)
  14 salamanders
  6 cyclopes
  A faun (shapeshifter) (Vaults:5)
  A frost giant zombie (Vaults:1)
  6 elephants
  A sphinx skeleton (Vaults:4)
  21 moths of wrath
  12 guardian serpents
  37 black mambas
  13 vault sentinels
  22 naga magi
  An ice statue (IceCv)
  A torpor snail (Lair:4)
  A black mamba (shapeshifter) (Vaults:2)
  Maurice (Orc:2)
  A gargoyle (D:11)
  32 spiny frogs
  3 rime drakes
  7 komodo dragons
  41 yaktaurs
  A rime drake (shapeshifter) (D:13)
  A komodo dragon (shapeshifter) (Depths:1)
  8 freezing wraiths
  A yaktaur (shapeshifter) (Depths:4)
  A tengu conjurer (Depths:4)
  2 trolls
  A guardian mummy (D:15)
  A queen bee (D:12)
  A human skeleton (Vaults:4)
  A hornet (shapeshifter) (Depths:2)
  A jumping spider (Vaults:5)
  3 meliai (D:12)
  2 trolls (shapeshifter)
  Grinder (D:6)
  A meliai (shapeshifter) (Vaults:1)
  A tyrant leech (shapeshifter) (Vaults:5)
  18 polar bears (IceCv)
  A tengu simulacrum (Vaults:3)
  20 hornets
  17 bog bodies
  A harpy skeleton (Vaults:1)
  12 tyrant leeches
  8 hippogriffs
  32 blink frogs
  46 slime creatures
  8 dream sheep (Lair:5)
  Sigmund (D:2)
  A snapping turtle (shapeshifter) (Vaults:5)
  3 redbacks
  An air elemental (Elf:1)
  A shadow (D:15)
  A tarantella (shapeshifter) (Depths:4)
  4 water elementals
  A vampire (D:13)
  A human (shapeshifter) (Vaults:3)
  5 wyverns
  81 yaks
  10 spriggans
  25 humans
  5 wraiths
  9 fire elementals
  A hungry ghost (D:8)
  Grum (D:8)
  5 basilisks
  Menkaure (D:4)
  18 vampire mosquitoes
  17 swamp worms
  86 nagas
  4 wargs
  A yaktaur simulacrum (Vaults:1)
  The ghost of Nr616 the Cudgeler, an amateur GrFi of Ashenzari (D:4)
  18 insubstantial wisps
  3 acid dragons
  13 water moccasins
  8 porcupines
  37 orc warriors
  14 swamp drakes
  2 ice beasts
  An ice beast (shapeshifter) (Vaults:4)
  A hornet zombie (D:10)
  An eye of draining (D:10)
  4 phantoms
  3 sky beasts
  20 ogres
  2 black bears
  A sky beast (shapeshifter) (Depths:2)
  3 slaves (D:4)
  A necrophage (D:7)
  A tengu (shapeshifter) (Vaults:1)
  3 boggarts (Vaults:2)
  38 wolves
  14 centaurs
  An orc skeleton (Vaults:1)
  11 crocodiles
  5 big kobolds
  30 bullfrogs
  An earth elemental (Elf:3)
  A glowing shapeshifter simulacrum (Vaults:1)
  A wyvern skeleton (D:14)
  23 killer bees (D:12)
  A human simulacrum (Vaults:1)
  An electric eel (Lair:6)
  A howler monkey (shapeshifter) (Depths:5)
  3 wights (D:10)
  7 crimson imps
  2 bullfrog zombies
  5 hounds
  26 orc priests
  7 jellies
  3 bullfrog skeletons
  8 iguanas
  Terence (D:3)
  34 orc wizards
  6 worker ants
  Robin (D:2)
  A worker ant zombie (D:10)
  A gnoll (D:1)
  11 adders
  A river rat (shapeshifter) (Depths:4)
  4 shadow imps
  An ooze (shapeshifter) (Vaults:5)
  An adder skeleton (D:5)
  5 worms
  4 dart slugs
  4 leopard geckos
  107 orcs
  7 bats
  7 giant cockroaches
  21 goblins
  13 hobgoblins
  11 jackals
  3 quokkas
  A ball python (D:4)
  7 frilled lizards
  24 kobolds
  A leopard gecko skeleton (D:4)
  4 quokka skeletons
  6 rats
2482 creatures vanquished.

Vanquished Creatures (collateral kills)
  2 ancient liches (Zot:5)
  3 orbs of fire (Zot:5)
  A Killer Klown (Zot:5)
  7 Orb Guardians (Zot:5)
  2 tentacled monstrosities
  A titan (Zot:3)
  2 death cobs
  2 storm dragons (Zot:4)
  4 draconian monks
  A ghost moth (Zot:4)
  A draconian knight (Zot:5)
  A draconian scorcher (Zot:4)
  A draconian annihilator (Zot:5)
  2 green draconians (Zot:4)
  2 black draconians (Zot:3)
  A white draconian (Zot:4)
  3 purple draconians
  3 red draconians
  2 yellow draconians (Zot:5)
  2 fire dragons (Zot:3)
  An ice dragon (Zot:4)
  3 moths of wrath
47 creatures vanquished.

Vanquished Creatures (others)
  2 vault wardens
  7 stone giants
  An entropy weaver (Vaults:5)
  3 yaktaur captains
  A centaur warrior (Vaults:3)
  A deep troll earth mage (Depths:1)
  2 naga sharpshooters (Snake:4)
  2 moths of wrath (Zot:5)
  13 yaktaurs
  An air elemental (Elf:3)
  A wolf (IceCv)
  An orc wizard (Orc:2)
  A quokka (D:10)
  A bush (Elf:1)
  37 fungi
  78 plants
  12 withered plants (D:15)
164 creatures vanquished.

Grand Total: 2693 creatures vanquished

Notes
Turn   | Place    | Note
-------+----------+-------------------------------------------
     0 | D:1      | MisterFreud the Gargoyle Earth Elementalist began the quest for the Orb.
     0 | D:1      | Reached XP level 1. HP: 10/10 MP: 3/3
   121 | D:1      | Reached skill level 4 in Earth Magic
   205 | D:1      | Reached XP level 2. HP: 13/15 MP: 5/5
   620 | D:1      | Reached XP level 3. HP: 18/19 MP: 6/6
   625 | D:1      | Learned a level 3 spell: Stone Arrow
   967 | D:2      | Reached skill level 5 in Earth Magic
  1129 | D:2      | Noticed Sigmund
  1216 | D:1      | Reached XP level 4. HP: 24/24 MP: 8/8
  1557 | D:2      | Noticed Robin
  1766 | D:2      | Found a faded altar of an unknown god.
  1926 | D:2      | Killed Sigmund
  1926 | D:2      | Reached skill level 6 in Earth Magic
  1926 | D:2      | Reached XP level 5. HP: 25/28 MP: 4/10
  1926 | D:2      | Reached XP level 6. HP: 28/32 MP: 4/11
  2319 | D:2      | Killed Robin
  2697 | D:3      | Reached skill level 1 in Conjurations
  2806 | D:3      | Noticed Terence
  2811 | D:3      | Killed Terence
  3834 | D:4      | Reached XP level 7. HP: 36/36 MP: 13/13
  3983 | D:4      | Noticed Menkaure
  4069 | D:4      | Found a staircase to the Ecumenical Temple.
  4079 | Temple   | Entered the Ecumenical Temple
  4096 | Temple   | Became a worshipper of Vehumet
  4208 | D:4      | Killed Menkaure
  4399 | D:4      | Found Geakuny's Serpentskin Sales.
  4413 | D:4      | Reached skill level 5 in Spellcasting
  4474 | D:4      | Reached skill level 7 in Earth Magic
  4531 | D:4      | Noticed Nr616's ghost (amateur GrFi)
  4618 | D:4      | Killed Nr616's ghost
  4618 | D:4      | Reached skill level 1 in Fighting
  4618 | D:4      | Reached XP level 8. HP: 39/43 MP: 5/15
  5027 | D:4      | Noticed Pikel
  5176 | D:4      | Killed Pikel
  5176 | D:4      | Reached skill level 8 in Earth Magic
  5410 | D:4      | You fall through a shaft for 3 floors!
  5608 | D:7      | Got a faintly glowing rapier
  5609 | D:7      | Identified the +3 rapier "Xopt" {pierce, rElec} (You found it on level 7 of the Dungeon)
  5657 | D:7      | Reached XP level 9. HP: 52/52 MP: 12/16
  5893 | D:7      | Reached * piety under Vehumet
  5893 | D:7      | Offered knowledge of Sting by Vehumet.
  5905 | D:7      | Learned a level 5 spell: Lee's Rapid Deconstruction
  6151 | D:6      | Noticed Grinder
  6157 | D:6      | Killed Grinder
  6157 | D:6      | Reached skill level 5 in Fighting
  6157 | D:6      | Reached skill level 9 in Earth Magic
  6346 | D:5      | Entered Level 5 of the Dungeon
  7616 | D:6      | Found Warisata's Food Shoppe.
  7636 | D:6      | Reached ** piety under Vehumet
  7636 | D:6      | Offered knowledge of Throw Flame by Vehumet.
  7786 | D:6      | Found a burning altar of Makhleb.
  8669 | D:8      | Reached skill level 10 in Earth Magic
  8683 | D:8      | Noticed Grum
  8700 | D:8      | Reached XP level 10. HP: 58/60 MP: 20/20
  8703 | D:8      | Killed Grum
  8910 | D:8      | Noticed Gastronok
  8925 | D:8      | Killed Gastronok
  9108 | D:8      | Noticed a two-headed ogre
  9198 | D:7      | Upgraded the game from 0.22-a0-412-g2b68d14 to 0.22-a0-414-gacd343e
  9335 | D:9      | Noticed a cyclops
  9353 | D:9      | Found Tekyci's Antique Armour Shop.
  9582 | D:9      | Killed a cyclops
  9669 | D:9      | Reached skill level 10 in Spellcasting
  9670 | D:9      | Found a staircase to the Orcish Mines.
  9689 | D:9      | Bought a pair of warped gloves for 342 gold pieces
  9700 | D:9      | Identified the +0 pair of gloves of Lethargy {Str+2} (You bought it in a shop on level 9 of the Dungeon)
  9768 | D:9      | Noticed a death yak
  9770 | D:9      | Noticed a death yak
  9770 | D:9      | Noticed a death yak
  9787 | D:9      | Noticed a death yak
  9809 | D:8      | Killed a death yak
  9809 | D:8      | Offered knowledge of Conjure Flame by Vehumet.
  9809 | D:8      | Reached XP level 11. HP: 42/67 MP: 3/25
  9996 | D:9      | Reached skill level 5 in Dodging
 10192 | D:9      | Noticed a two-headed ogre
 10203 | D:9      | Killed a two-headed ogre
 10430 | D:9      | Found a staircase to the Lair.
 10441 | D:9      | Reached skill level 11 in Earth Magic
 10477 | Lair:1   | Entered Level 1 of the Lair of Beasts
 10492 | Lair:1   | Noticed Erica
 10504 | Lair:1   | Killed Erica
 10649 | Lair:1   | Found a frozen archway.
 10828 | IceCv    | Entered an ice cave
 10834 | IceCv    | Reached *** piety under Vehumet
 11271 | IceCv    | Reached skill level 12 in Earth Magic
 11428 | IceCv    | Offered knowledge of Static Discharge by Vehumet.
 11428 | IceCv    | Reached XP level 12. HP: 50/76 MP: 13/26
 11775 | IceCv    | Reached skill level 10 in Fighting
 12183 | IceCv    | Noticed a death yak
 12183 | IceCv    | Noticed a frost giant
 12184 | IceCv    | Noticed a death yak
 12198 | IceCv    | Killed a frost giant
 12198 | IceCv    | Reached **** piety under Vehumet
 12482 | IceCv    | Killed a death yak
 12561 | IceCv    | Killed a death yak
 12687 | Lair:1   | Reached skill level 13 in Earth Magic
 13918 | Lair:1   | Offered knowledge of Iskenderun's Battlesphere by Vehumet.
 13994 | Lair:2   | Reached XP level 13. HP: 75/82 MP: 14/27
 14592 | Lair:2   | Found a staircase to the Swamp.
 15235 | Lair:3   | Reached skill level 14 in Earth Magic
 15248 | Lair:3   | Noticed Sonja
 15249 | Lair:3   | Noticed Sonja
 15249 | Lair:3   | Sonja changed into Sonja the ice beast
 15256 | Lair:3   | Noticed Snorg
 15256 | Lair:3   | Killed Sonja the ice beast
 15256 | Lair:3   | Reached skill level 1 in Shields
 15266 | Lair:3   | Killed Snorg
 15503 | Lair:3   | Reached skill level 10 in Dodging
 15794 | Lair:3   | Found a stormy altar of Qazlal.
 16505 | Lair:4   | Found a staircase to the Snake Pit.
 16882 | Lair:4   | Reached skill level 15 in Earth Magic
 17595 | Lair:4   | Noticed Nergalle
 17607 | Lair:4   | Killed Nergalle
 18350 | Lair:4   | Reached skill level 16 in Earth Magic
 18563 | Lair:5   | Reached ***** piety under Vehumet
 18564 | Lair:5   | Offered knowledge of Lightning Bolt by Vehumet.
 18683 | Lair:5   | Found a staircase to the Slime Pits.
 18744 | Lair:5   | Gained mutation: Your large and strong wings let you fly indefinitely. [Gargoyle growth]
 18744 | Lair:5   | Reached XP level 14. HP: 88/88 MP: 23/28
 19119 | Lair:5   | Reached skill level 5 in Conjurations
 19510 | Lair:6   | Entered Level 6 of the Lair of Beasts
 20976 | Lair:6   | Offered knowledge of Iskenderun's Mystic Blast by Vehumet.
 21131 | Lair:6   | Reached skill level 17 in Earth Magic
 22055 | Lair:6   | Reached XP level 15. HP: 89/92 MP: 17/31
 22535 | Lair:4   | Reached skill level 1 in Staves
 22662 | Lair:1   | Reached skill level 1 in Evocations
 22808 | Lair:1   | Reached skill level 18 in Earth Magic
 23237 | D:10     | Entered Level 10 of the Dungeon
 24352 | D:10     | Found a white marble altar of Elyvilon.
 24495 | D:10     | Found a portal to a secret trove of treasure.
 25366 | D:11     | Found a basalt altar of Yredelemnul.
 25554 | D:11     | Offered knowledge of Iron Shot by Vehumet.
 25562 | D:11     | Learned a level 6 spell: Iron Shot
 25711 | D:12     | Reached skill level 5 in Staves
 25953 | D:12     | Noticed Nessos
 25960 | D:12     | Killed Nessos
 26652 | D:12     | You are sucked into a shaft for 2 floors!
 26671 | D:14     | Reached ****** piety under Vehumet
 26742 | D:14     | Offered knowledge of Bolt of Magma by Vehumet.
 26823 | D:14     | Reached skill level 5 in Evocations
 27042 | D:14     | Noticed Josephine
 27191 | D:14     | Killed Josephine
 28186 | Orc:1    | Entered Level 1 of the Orcish Mines
 28257 | Orc:1    | You are sucked into a shaft!
 28257 | Orc:2    | Entered Level 2 of the Orcish Mines
 28257 | Orc:2    | Found a staircase to the Elven Halls.
 28257 | Orc:2    | Found Vusofil's Book Boutique.
 28294 | Orc:2    | Bought a book of Minor Magic for 300 gold pieces
 28297 | Orc:2    | Learned a level 2 spell: Blink
 28343 | Orc:2    | Found Wairuq's Antique Weapon Emporium.
 28531 | Orc:2    | Upgraded the game from 0.22-a0-414-gacd343e to 0.22-a0-417-g1387785
 28667 | Orc:1    | Found a transporter.
 28735 | Orc:1    | Found a roughly hewn altar of Beogh.
 28747 | Orc:1    | Reached XP level 16. HP: 76/97 MP: 16/32
 28864 | Orc:1    | Reached skill level 1 in Translocations
 28913 | Orc:1    | Found Yheloz's Weapon Boutique.
 29162 | Orc:2    | Noticed Maurice
 29165 | Orc:2    | Killed Maurice
 29336 | Orc:1    | Learned a level 5 spell: Bolt of Magma
 29435 | Orc:2    | Found Wopum's Food Shoppe.
 29643 | Orc:2    | Offered knowledge of Orb of Destruction by Vehumet.
 30460 | Orc:2    | Found Parriobi's Assorted Antiques.
 30460 | Orc:2    | Found Poheida's Jewellery Emporium.
 30464 | Orc:2    | Found Gaduer's Jewellery Shop.
 30464 | Orc:2    | Found Omnixzoik's Antique Weapon Emporium.
 30652 | Orc:1    | Got a slimy plate armour
 30682 | Orc:1    | Found a transporter.
 30769 | D:9      | Identified the +5 plate armour "Xuaz" {rPois Int+5 SInv} (You found it on level 1 of the Orcish Mines)
 31245 | D:14     | Reached skill level 10 in Staves
 31398 | D:14     | Found a gate to the Vaults.
 31534 | D:14     | Found a roughly hewn altar of Beogh.
 31834 | D:15     | Entered Level 15 of the Dungeon
 31992 | D:15     | Offered knowledge of Spellforged Servitor by Vehumet.
 32366 | D:15     | Found a staircase to the Depths.
 33314 | D:15     | Found a blossoming altar of Fedhas.
 33803 | Swamp:1  | Entered Level 1 of the Swamp
 33909 | Swamp:1  | Noticed Donald
 34058 | Snake:1  | Entered Level 1 of the Snake Pit
 34932 | Snake:1  | Reached XP level 17. HP: 99/102 MP: 21/33
 36154 | Snake:2  | Reached skill level 10 in Evocations
 36307 | Snake:2  | Offered knowledge of Poison Arrow by Vehumet.
 39502 | Snake:3  | Noticed Agnes
 40112 | Snake:3  | Killed Agnes
 40598 | Snake:4  | Entered Level 4 of the Snake Pit
 41704 | Snake:4  | Offered knowledge of Lehudib's Crystal Spear by Vehumet.
 41704 | Snake:4  | Offered knowledge of Glaciate by Vehumet.
 41704 | Snake:4  | Offered knowledge of Chain Lightning by Vehumet.
 41821 | Snake:4  | Learned a level 8 spell: Lehudib's Crystal Spear
 42273 | Snake:4  | Reached XP level 18. HP: 107/107 MP: 31/36
 42565 | Snake:4  | Reached skill level 15 in Spellcasting
 43023 | Snake:4  | Upgraded the game from 0.22-a0-417-g1387785 to 0.22-a0-419-g492bfec
 44204 | Snake:4  | Reached skill level 10 in Conjurations
 46553 | Snake:4  | Got a serpentine rune of Zot
 47113 | Swamp:1  | Killed Donald
 47891 | Swamp:1  | Reached XP level 19. HP: 112/112 MP: 33/38
 48753 | Swamp:2  | Noticed Frances
 49341 | Swamp:2  | Noticed Jorgrun
 49355 | Swamp:2  | Killed Jorgrun
 49578 | Swamp:2  | Killed Frances
 50435 | Swamp:3  | Noticed a tentacled monstrosity
 50440 | Swamp:3  | Killed a tentacled monstrosity
 50725 | Swamp:4  | Entered Level 4 of the Swamp
 53025 | Swamp:4  | Got a decaying rune of Zot
 53342 | Vaults:1 | Entered Level 1 of the Vaults
 53425 | Vaults:1 | Reached skill level 5 in Shields
 53435 | Vaults:1 | Paralysed by a sphinx for 5 turns
 53440 | Vaults:1 | Noticed Ratty's ghost (adept MiBe)
 54183 | Vaults:1 | Killed Ratty's ghost
 54710 | Vaults:1 | Reached XP level 20. HP: 117/117 MP: 31/42
 55692 | Vaults:1 | Reached skill level 10 in Shields
 57317 | Orc:2    | Bought an uncursed ring of protection from magic for 400 gold pieces
 57358 | Elf:1    | Entered Level 1 of the Elven Halls
 57657 | Elf:1    | Found Yfui's Weapon Shoppe.
 58302 | Elf:1    | Identified the Compendium of Supportive Confrontation
 58385 | Elf:1    | Found Moqoes's Jewellery Emporium.
 58514 | Elf:1    | Reached skill level 19 in Earth Magic
 58740 | Elf:1    | Found Ataumot's General Store.
 58749 | Elf:1    | Bought a potion of heal wounds for 70 gold pieces
 58772 | Elf:1    | Found Dinitzau's Jewellery Shoppe.
 58823 | Elf:1    | Found Lyocs's Armour Shop.
 59267 | Elf:2    | Reached XP level 21. HP: 122/122 MP: 20/43
 59434 | Elf:2    | Reached skill level 20 in Earth Magic
 60180 | Elf:2    | Found a runed gate.
 60180 | Elf:2    | Found a runed gate.
 60180 | Elf:2    | Found a runed gate.
 60575 | Elf:2    | Reached skill level 21 in Earth Magic
 61165 | Elf:3    | Entered Level 3 of the Elven Halls
 61285 | Elf:3    | Noticed Roxanne
 61377 | Elf:3    | Killed Roxanne
 61405 | Elf:3    | Learned a level 9 spell: Shatter
 61554 | Elf:3    | Noticed Louise
 61899 | Elf:3    | Reached skill level 22 in Earth Magic
 61902 | Elf:3    | Killed Louise
 62292 | Elf:3    | Got a warped golden ring
 62294 | Elf:3    | Identified the ring of Xeir Hod {Fire *Corrode rElec rN+ Dex+3} (You took it off a deep elf annihilator on level 3 of the Elven Halls)
 62621 | Elf:3    | Reached skill level 23 in Earth Magic
 62628 | Elf:3    | Reached XP level 22. HP: 127/127 MP: 22/44
 63110 | Elf:3    | Identified the Catalogue of Hurtful Intoxication
 63113 | Elf:3    | Identified Voyntom's Guide on Bewitching Talismans
 63390 | Elf:3    | Identified Unainu's Disquisition on Unholy Feathers
 63393 | Elf:3    | Identified the Handbook of Ice
 63582 | Elf:3    | Found a deep blue altar of Sif Muna.
 64014 | Vaults:2 | Reached skill level 24 in Earth Magic
 66509 | Vaults:3 | Found Ixuodira's Antique Armour Shoppe.
 66509 | Vaults:3 | Found a magical portal.
 66718 | WizLab   | Entered Iskenderun's Mystic Tower
 67386 | WizLab   | Reached XP level 23. HP: 138/138 MP: 22/45
 67735 | WizLab   | Identified the Handbook of Hexes
 67831 | WizLab   | Reached skill level 25 in Earth Magic
 67833 | WizLab   | Identified Iskenderun's Handbook of Attacks
 67833 | WizLab   | Identified Iskenderun's Handbook of Arcane Weapons
 69751 | Vaults:3 | Found a staircase to the Crypt.
 69751 | Vaults:3 | Found a basalt altar of Yredelemnul.
 69752 | Vaults:3 | Found an ancient bone altar of Kikubaaqudgha.
 71187 | Vaults:4 | Reached skill level 26 in Earth Magic
 71213 | Vaults:4 | Reached skill level 15 in Fighting
 72000 | Vaults:4 | Reached XP level 24. HP: 141/151 MP: 34/45
 72348 | Vaults:5 | Entered Level 5 of the Vaults
 72707 | Vaults:5 | Identified a scroll of acquirement
 72794 | Vaults:5 | Reached skill level 27 in Earth Magic
 74095 | Vaults:5 | Reached XP level 25. HP: 112/163 MP: 8/45
 75025 | Vaults:5 | Got a twisted robe
 75026 | Vaults:5 | Identified the +1 robe of the Harp {rPois rC+} (You found it on level 5 of the Vaults)
 75438 | Vaults:5 | Got a clouded steel ring
 75439 | Vaults:5 | Identified the ring of Orea {-Tele rElec MR+ MP+9 Int+2} (You took it off an ironheart preserver on level 5 of the Vaults)
 75765 | Vaults:5 | Got a silver rune of Zot
 75862 | Vaults:5 | Noticed an ancient lich
 75864 | Vaults:5 | Killed an ancient lich
 76018 | Vaults:5 | Learned a level 5 spell: Borgnjor's Vile Clutch
 76319 | Depths:1 | Entered Level 1 of the Depths
 76710 | Depths:1 | Found Weis's Antique Armour Boutique.
 76914 | Depths:1 | Found a one-way gate to the infinite horrors of the Abyss.
 77146 | Depths:1 | Found a gateway to Hell.
 77217 | Depths:1 | Found a runed door.
 77319 | Depths:1 | Identified the Papyrus of Evil
 77720 | Depths:1 | Found a roughly hewn altar of Beogh.
 77796 | Depths:2 | Found Caofriti's Antique Weapon Boutique.
 78309 | Depths:2 | Reached XP level 26. HP: 173/173 MP: 39/45
 78732 | Depths:2 | Found Zuvy's Distillery.
 78817 | Depths:2 | Found Ecwis's Book Boutique.
 78819 | Depths:2 | Found Tolats's General Store.
 79119 | Depths:3 | Noticed Boris
 79383 | Depths:3 | Noticed Sojobo
 79504 | Depths:3 | Killed Boris
 79504 | Depths:3 | Reached skill level 15 in Conjurations
 79513 | Depths:3 | Reached skill level 15 in Shields
 79678 | Depths:3 | Killed Sojobo
 79790 | Depths:3 | Noticed Nikola
 79794 | Depths:3 | Killed Nikola
 79915 | Depths:3 | Found an iron altar of Okawaru.
 81041 | Depths:3 | Found a one-way gate leading to the halls of Pandemonium.
 81138 | Depths:3 | Reached skill level 1 in Armour
 81655 | Depths:3 | Reached skill level 5 in Armour
 81833 | Depths:3 | Noticed Jory
 81841 | Depths:3 | Killed Jory
 82166 | Depths:4 | Learned a level 2 spell: Passwall
 82430 | Depths:4 | Found a gateway to a ziggurat.
 82894 | Depths:4 | Found a radiant altar of Vehumet.
 82895 | Depths:4 | Found a sparkling altar of Nemelex Xobeh.
 82895 | Depths:4 | Found a stormy altar of Qazlal.
 83060 | Depths:4 | Reached skill level 10 in Armour
 83270 | Depths:4 | HP: 8/174 [frost giant/bolt of cold (79)]
 83784 | Depths:4 | Noticed a juggernaut
 83792 | Depths:4 | Killed a juggernaut
 83792 | Depths:4 | Reached XP level 27. HP: 125/179 MP: 14/45
 85228 | Depths:5 | Entered Level 5 of the Depths
 85953 | Depths:5 | Upgraded the game from 0.22-a0-419-g492bfec to 0.22-a0-422-g9628fc8
 85961 | Depths:5 | Learned a level 7 spell: Spellforged Servitor
 85992 | Depths:5 | Reached skill level 1 in Summonings
 86369 | Orc:2    | Bought a ration for 55 gold pieces
 86369 | Orc:2    | Bought a ration for 55 gold pieces
 86369 | Orc:2    | Bought a ration for 55 gold pieces
 86369 | Orc:2    | Bought a ration for 55 gold pieces
 86369 | Orc:2    | Bought a ration for 55 gold pieces
 86369 | Orc:2    | Bought a ration for 55 gold pieces
 86369 | Orc:2    | Bought a ration for 55 gold pieces
 86369 | Orc:2    | Bought a ration for 55 gold pieces
 86369 | Orc:2    | Bought a ration for 55 gold pieces
 86369 | Orc:2    | Bought a ration for 55 gold pieces
 86369 | Orc:2    | Bought a ration for 55 gold pieces
 86369 | Orc:2    | Bought a ration for 55 gold pieces
 86463 | D:6      | Bought a ration for 65 gold pieces
 86463 | D:6      | Bought a ration for 65 gold pieces
 86463 | D:6      | Bought a ration for 65 gold pieces
 86463 | D:6      | Bought a ration for 65 gold pieces
 86463 | D:6      | Bought a ration for 65 gold pieces
 86463 | D:6      | Bought a ration for 65 gold pieces
 86463 | D:6      | Bought a ration for 65 gold pieces
 86463 | D:6      | Bought a ration for 65 gold pieces
 86463 | D:6      | Bought a ration for 65 gold pieces
 87410 | Depths:5 | Reached skill level 15 in Armour
 87764 | Depths:5 | Found a runed door.
 87764 | Depths:5 | Found a runed door.
 87859 | Depths:5 | Reached skill level 5 in Summonings
 88051 | Depths:5 | Found a runed door.
 88051 | Depths:5 | Found a runed door.
 88088 | Depths:5 | Found a runed door.
 88093 | Depths:5 | Found a runed door.
 88119 | Depths:5 | Found a gate to the Realm of Zot.
 88582 | Depths:5 | Learned a level 6 spell: Shadow Creatures
 89196 | Zot:1    | Entered Level 1 of the Realm of Zot
 90811 | Zot:2    | Noticed an ancient lich
 90826 | Zot:2    | Reached skill level 10 in Summonings
 91756 | Zot:2    | Noticed an orb of fire
 91764 | Zot:2    | Killed an orb of fire
 92122 | Zot:2    | Noticed an orb of fire
 92126 | Zot:2    | Gained mutation: You are clumsy. (Dex -2) [an orb of fire]
 92127 | Zot:2    | Killed an orb of fire
 92436 | Zot:2    | Killed an ancient lich
 94118 | Zot:3    | Noticed an orb of fire
 94121 | Zot:3    | Gained mutation: You are dopey. (Int -2) [an orb of fire]
 94792 | Zot:3    | Noticed an ancient lich
 95278 | Zot:3    | Killed an ancient lich
 95340 | Zot:3    | Got an ancient lead ring
 95349 | Zot:3    | Noticed an orb of fire
 95357 | Zot:3    | Killed an orb of fire
 95622 | Zot:3    | Killed an orb of fire
 95975 | Zot:3    | Got a brightly glowing turquoise ring
 95976 | Zot:3    | Identified the ring "Biwom" {MR+ EV+3} (You took it off a draconian monk on level 3 of the Realm of Zot)
 95977 | Zot:3    | Identified the ring "Goubasi" {Wiz Dex+2} (You took it off a draconian monk on level 3 of the Realm of Zot)
 95998 | Zot:3    | Found a stormy altar of Qazlal.
 96106 | Zot:4    | Found the +18 shield of the Gong {rElec rN+ MR+ EV-5}
 96639 | Zot:4    | Noticed an orb of fire
 96651 | Zot:4    | Killed an orb of fire
 97754 | Zot:5    | Entered Level 5 of the Realm of Zot
 97935 | Zot:5    | Noticed an orb of fire
 97938 | Zot:5    | Gained mutation: You do not regenerate when monsters are visible. [an orb of fire]
 97945 | Zot:5    | Gained mutation: Armour fits poorly on your strangely shaped body. [an orb of fire]
 97947 | Zot:5    | Killed an orb of fire
 97985 | Zot:4    | Noticed an orb of fire
 97993 | Zot:4    | Killed an orb of fire
 98757 | Zot:5    | Noticed an ancient lich
 98764 | Zot:5    | Killed an ancient lich
 99071 | Zot:5    | Noticed an ancient lich
 99074 | Zot:5    | Killed an ancient lich
 99162 | Zot:5    | Noticed an ancient lich
 99167 | Zot:5    | Killed an ancient lich
 99516 | Zot:5    | Noticed an orb of fire
 99518 | Zot:5    | Gained mutation: Your magical capacity is low. (-10% MP) [an orb of fire]
 99539 | Zot:5    | Gained mutation: Scrolls take you a little longer to read. [an orb of fire]
 99675 | Zot:5    | Killed an orb of fire
 99900 | Zot:5    | Noticed an ancient lich
 99905 | Zot:5    | Killed an ancient lich
 99955 | Zot:5    | Noticed an ancient lich
 99959 | Zot:5    | Killed an ancient lich
 99997 | Zot:5    | Noticed an orb of fire
100004 | Zot:5    | Killed an orb of fire
100061 | Zot:5    | Noticed an orb of fire
100162 | Zot:5    | Noticed an orb of fire
100169 | Zot:5    | Gained mutation: Scrolls take you longer to read. [an orb of fire]
100177 | Zot:5    | Killed an orb of fire
100752 | Zot:5    | Gained mutation: Your magical capacity is very low. (-20% MP) [an orb of fire]
100755 | Zot:5    | Killed an orb of fire
100757 | Zot:5    | Noticed an orb of fire
100761 | Zot:5    | Noticed an orb of fire
100765 | Zot:5    | Gained mutation: Your body sometimes deteriorates upon taking damage. [an orb of fire]
100769 | Zot:5    | HP: 1/182 [orb of fire/fireball (14)]
100773 | Zot:5    | Gained mutation: You are very dopey. (Int -4) [an orb of fire]
100785 | Zot:5    | Killed from afar by an orb of fire

Vault maps used:
D:1:      onia_arrival_pyramid
D:2:      cheibrodos_helix_gallery, chequers_ecumenical_altar_grove,
          uniq_sigmund, uniq_robin
D:3:      uniq_terence
D:4:      lemuel_temple_firewalk_b, first_ration,
          hangedman_decor_clover_reticule, guppyfry_shop_venom, uniq_pikel,
          uniq_menkaure
D:6:      lemuel_crystal_altar, serial_shops, shop, uniq_crazy_yiuf_cottage,
          uniq_grinder
D:7:      grunt_ogre_cave
D:8:      uniq_gastronok, uniq_grum
D:9:      dpeg_lair_monsters, orc_0_dummy, serial_shops, shop
D:10:     enter_trove_5, serial_glass, glass_columns_c, glass_columns_a,
          glass_columns_b, glass_columns_b, feat_on_display, feat_on_display,
          feat_on_display, elyvilon_altar_4
D:11:     yredelemnul_altar_generic
D:12:     st_stairs_8, uniq_nessos
D:13:     minmay_the_grid_triangle_9x9_rhombus_thin_mashed, serial_shops, shop
D:14:     grunt_vaults_entry_tiered, serial_glass, glass_columns_a,
          glass_columns_b, glass_columns_a, glass_columns_a, special_room,
          enter_bailey_3, uniq_josephine
D:15:     gammafunk_depths_entry_grave, st_stairs_8, fedhas_altar_3
Temple:   regret_index_temple_sigil_plot
Lair:1:   portal_ice_cave_rime, uniq_erica
Lair:2:   swamp_mist_pool
Lair:3:   basic_altar, lemuel_fruit_tree, uniq_sonja, uniq_snorg
Lair:4:   guppyfry_snake_entry_garden, uniq_nergalle
Lair:5:   slaughterhouse, minmay_slime_entry_pillars, lab_entry_generic
Lair:6:   minmay_lair_end_frog_pond
Swamp:1:  nicolae_swamp_very_dense_foliage, swamp_pool2, uniq_donald
Swamp:2:  evilmike_swamp_ruin_house_6, uniq_frances, uniq_jorgrun
Swamp:3:  evilmike_swamp_ruin_house_2, infiniplex_staircase_pool_2
Swamp:4:  swamp_basic_johnstein
Snake:3:  guppyfry_library_mini, uniq_agnes
Snake:4:  grunt_snake_rune_spirals, st_stairs_13
Orc:1:    gammafunk_beogh_shrine, serial_shops, shop
Orc:2:    grunt_orc_tribal_feast, serial_shops, shop, nicolae_shop_statue_plus,
          shop, uniq_maurice
Elf:1:    eino_elf_arrival_customs, serial_shops, shop, shop, shop, shop,
          shop_fountains, minmay_elf_sorcery
Elf:2:    nicolae_elf_big_sculpture_3
Elf:3:    nooodl_elf_gasket, basic_altar, uniq_roxanne, uniq_louise
Vaults:1: v_alt_pattern_4, ontoclasm_vaults_idyll,
          vaults_mumra_minichess_inversion, hangedman_vaults_impose,
          hangedman_vaults_corner_blocks, nicolae_vaults_branching_niches,
          nicolae_vaults_network_star, hangedman_vaults_nails, v_pattern_2,
          vaults_standard_mumra_enter_the_diamond, vaults_mumra_hexcomb,
          nicolae_vaults_specimen_jars
Vaults:2: nicolae_vaults_diagonal_hallway_8, nicolae_vaults_ring_of_whatevers,
          st_smaller_cells, vaults_mumra_minichess, v_misc_4, v_misc_24,
          dpeg_vaults_monster_box
Vaults:3: ontoclasm_vaults_ligature, vaults_mumra_hex,
          minmay_crypt_entry_necro_gods, ontoclasm_vaults_bender,
          vaults_dpeg_diagonal, ontoclasm_vaults_tryst, st_cells,
          vaults_room_pool, nicolae_vaults_little_ls,
          nicolae_vaults_yaktaur_gun_rack, hangedman_vaults_slice,
          grunt_vaults_diagonal, ontoclasm_vaults_spin,
          nicolae_vaults_big_angled_halls, ontoclasm_vaults_twist,
          vaults_room_stairs_pillars, ontoclasm_vaults_decontamination,
          serial_shops, shop, infiniplex_enter_wizlab_water
Vaults:4: v_misc_11, ontoclasm_vaults_gallery, v_misc_32,
          hangedman_vaults_slither, nicolae_vaults_ring_of_whatevers,
          nicolae_vaults_hallways_thing, vaults_standard_mumra_lines,
          nicolae_vaults_gold_heap, ontoclasm_vaults_gateway, v_misc_16,
          grunt_vaults_funnel, vaults_room_door_hall, v_alt_pattern_4,
          grunt_vaults_hallway_short
Vaults:5: serial_shops
Depths:1: cheibrodos_lost_city_excavation, abyss_entry, hangedman_decor_lopped,
          serial_shops, shop, hell_entry, lightli_church_of_beogh
Depths:2: grunt_twist_and_shout, serial_shops, nicolae_shop_stone, shop, shop,
          nicolae_shop_trees, lightli_too_deep
Depths:3: kennysheep_blocky_room, pan_entry, okawaru_ov_weapons_minmay,
          pf_hell_entry_great_geh, spider_trap, serial_bayou_shore_b, uniq_jory,
          uniq_sojobo, uniq_nikola, uniq_boris
Depths:4: hangedman_slaughterboxes, abyss_entry, hell_entry
Depths:5: evilmike_zot_entry_castle, abyss_entry_glasseish, hell_entry,
          grunt_decor_arrowhead, serial_sigils, serial_sigils_hangedman_stare
Zot:1:    kennysheep_room_grid
Zot:2:    hangedman_player_shredder, grunt_megastairs_2
Zot:3:    regret_index_qazlal_generations
Zot:4:    kennysheep_ambush_hall, st_large_dragon_hoard_1
Zot:5:    st_stairs_9
IceCv:    ice_cave_caverns_02
WizLab:   wizlab_iskenderun

Skill      XL: |  1  2  3  4  5  6  7  8  9 10 11 12 13 14 15 16 17 18 19 20 21 22 23 24 25 26 27 |
---------------+----------------------------------------------------------------------------------+-----
Earth Magic    | 4 5 6 7 8 10 12 13 16 17 18 19 23 24 26 27 | 27.0
Spellcasting   | 3 4 5 7 10 12 14 15 18 22 | 22.0
Conjurations   | 2 4 7 12 14 16 19 | 19.2
Fighting       | 1 4 6 7 9 10 12 15 18 19 20 21 | 21.0
Dodging        | 2 4 6 9 10 | 10.0
Shields        | 4 7 12 14 15 | 15.0
Staves         | 8 12 | 12.0
Evocations     | 5 8 10 | 10.0
Translocations | 3 |  3.0
Armour         | 11 15 | 15.0
Summonings     | 14 | 14.0
Stealth        | |  2.1
Transmutations | |  0.7

Action                   |  1- 3 |  4- 6 |  7- 9 | 10-12 | 13-15 | 16-18 | 19-21 | 22-24 | 25-27 || total
-------------------------+-------+-------+-------+-------+-------+-------+-------+-------+-------++-------
Melee: Spear             |    94 |       |       |       |       |       |       |       |       ||    94
       Dagger            |    38 |   154 |    81 |       |       |       |       |       |       ||   273
       Whip              |       |       |   147 |   249 |   533 |     5 |       |       |       ||   934
       Staff             |       |       |       |       |       |   293 |   369 |    94 |   472 ||  1228
Throw: Throwing net      |       |       |       |     1 |       |       |       |       |       ||     1
 Cast: Sandblast         |     9 |    20 |    74 |   106 |    81 |    47 |    23 |     6 |    24 ||   390
       Stone Arrow       |       |     5 |    38 |   100 |   535 |   551 |   369 |    81 |    50 ||  1729
       Lee's Rapid Decon |       |       |       |    35 |   129 |    94 |   159 |   197 |   250 ||   864
       Iron Shot         |       |       |       |       |    17 |   200 |   152 |   161 |   528 ||  1058
       Blink             |       |       |       |       |       |     8 |     4 |     1 |     1 ||    14
       Lehudib's Crystal |       |       |       |       |       |     3 |     9 |    44 |   145 ||   201
       Bolt of Magma     |       |       |       |       |       |       |     1 |       |     4 ||     5
       Shatter           |       |       |       |       |       |       |       |    11 |       ||    11
       Spellforged Servi |       |       |       |       |       |       |       |       |    36 ||    36
       Borgnjor's Vile C |       |       |       |       |       |       |       |       |     2 ||     2
 Abil: Fly               |       |       |       |       |     1 |       |       |       |       ||     1
Evoke: Wand              |       |       |       |       |     1 |       |       |       |     4 ||     5
  Use: Scroll            |     4 |     1 |     5 |     7 |    21 |     8 |    10 |     1 |    34 ||    91
       Potion            |       |       |       |       |       |     1 |     3 |     8 |     8 ||    20
 Stab: Sleeping          |     1 |       |     1 |       |       |       |       |       |       ||     2
       Petrified         |       |       |       |       |     3 |       |       |       |       ||     3
       Invisible         |       |       |       |       |       |       |     1 |       |       ||     1
       Distracted        |       |       |       |       |       |       |       |       |     7 ||     7
  Eat: Chunk             |     1 |     7 |    19 |    23 |    53 |    37 |    34 |    30 |    59 ||   263
       Ration            |       |       |       |     1 |     6 |    25 |    12 |    15 |    42 ||   101
Armor: Robe              |    50 |    53 |    67 |   149 |   238 |   214 |   194 |    59 |    38 ||  1062
       Fire dragon scale |       |       |       |       |       |       |       |       |   295 ||   295
Dodge: Dodged            |    66 |    90 |   177 |   399 |   664 |   380 |   289 |    85 |   225 ||  2375
Block: Buckler           |       |       |       |       |   172 |   131 |    99 |       |       ||   402
       Reflection        |       |       |       |       |       |    14 |    30 |    75 |    78 ||   197
       Shield            |       |       |       |       |       |       |    39 |   129 |   558 ||   726

Table legend:
 A = Spawn XP
 B = Non-spawn XP
 C = Spawn XP percentage of total XP
 D = Spawn monster count
 E = Non-spawn monster count
 F = Spawn count percentage of total count
 G = Total turns spent on level
                    A         B        C        D         E        F      G
               +---------+---------+-------+---------+---------+-------+---------
         Total |       0 | 1877611 |   0.0 |       0 |    2556 |   0.0 | 100785
               +---------+---------+-------+---------+---------+-------+---------
           D:1 |       0 |      62 |   0.0 |       0 |      27 |   0.0 |   962
           D:2 |       0 |     338 |   0.0 |       0 |      40 |   0.0 |  1829
           D:3 |       0 |     192 |   0.0 |       0 |      22 |   0.0 |   883
           D:4 |       0 |    1433 |   0.0 |       0 |      30 |   0.0 |  1870
           D:5 |       0 |     148 |   0.0 |       0 |      15 |   0.0 |   831
           D:6 |       0 |     724 |   0.0 |       0 |      20 |   0.0 |  1059
           D:7 |       0 |    1199 |   0.0 |       0 |      18 |   0.0 |  1112
           D:8 |       0 |    4720 |   0.0 |       0 |      27 |   0.0 |  1218
           D:9 |       0 |    5712 |   0.0 |       0 |      22 |   0.0 |  1555
          D:10 |       0 |    6489 |   0.0 |       0 |      52 |   0.0 |  1628
          D:11 |       0 |    3428 |   0.0 |       0 |      23 |   0.0 |  1046
          D:12 |       0 |   13222 |   0.0 |       0 |      66 |   0.0 |  1953
          D:13 |       0 |    1247 |   0.0 |       0 |       7 |   0.0 |   309
          D:14 |       0 |   21769 |   0.0 |       0 |      82 |   0.0 |  3024
          D:15 |       0 |   21932 |   0.0 |       0 |      35 |   0.0 |  1719
        Lair:1 |       0 |    6445 |   0.0 |       0 |      25 |   0.0 |  2004
        Lair:2 |       0 |    6921 |   0.0 |       0 |      27 |   0.0 |  2132
        Lair:3 |       0 |    6118 |   0.0 |       0 |      17 |   0.0 |  1482
        Lair:4 |       0 |   10872 |   0.0 |       0 |      32 |   0.0 |  1922
        Lair:5 |       0 |   16820 |   0.0 |       0 |      70 |   0.0 |  1938
        Lair:6 |       0 |   20392 |   0.0 |       0 |      74 |   0.0 |  2190
       Swamp:1 |       0 |   11957 |   0.0 |       0 |      35 |   0.0 |  1245
       Swamp:2 |       0 |   16461 |   0.0 |       0 |      27 |   0.0 |  1137
       Swamp:3 |       0 |    9529 |   0.0 |       0 |      22 |   0.0 |  1076
       Swamp:4 |       0 |   31874 |   0.0 |       0 |      67 |   0.0 |  2210
       Snake:1 |       0 |   14527 |   0.0 |       0 |      28 |   0.0 |  1726
       Snake:2 |       0 |   15328 |   0.0 |       0 |      30 |   0.0 |  2017
       Snake:3 |       0 |   31042 |   0.0 |       0 |      58 |   0.0 |  3508
       Snake:4 |       0 |   73652 |   0.0 |       0 |     142 |   0.0 |  5606
         Orc:1 |       0 |    9540 |   0.0 |       0 |      39 |   0.0 |  1264
         Orc:2 |       0 |   10424 |   0.0 |       0 |      61 |   0.0 |  1763
         Elf:1 |       0 |   34228 |   0.0 |       0 |      52 |   0.0 |  1887
         Elf:2 |       0 |   55357 |   0.0 |       0 |      68 |   0.0 |  2625
         Elf:3 |       0 |   86237 |   0.0 |       0 |      77 |   0.0 |  2202
      Vaults:1 |       0 |   60687 |   0.0 |       0 |      91 |   0.0 |  3104
      Vaults:2 |       0 |   61342 |   0.0 |       0 |      82 |   0.0 |  2487
      Vaults:3 |       0 |   64751 |   0.0 |       0 |      97 |   0.0 |  2726
      Vaults:4 |       0 |   68278 |   0.0 |       0 |      81 |   0.0 |  2513
      Vaults:5 |       0 |  194532 |   0.0 |       0 |     141 |   0.0 |  3152
      Depths:1 |       0 |   46204 |   0.0 |       0 |      73 |   0.0 |  1830
      Depths:2 |       0 |   34390 |   0.0 |       0 |      38 |   0.0 |  1571
      Depths:3 |       0 |   65210 |   0.0 |       0 |      53 |   0.0 |  1503
      Depths:4 |       0 |  132317 |   0.0 |       0 |      88 |   0.0 |  3778
      Depths:5 |       0 |   73025 |   0.0 |       0 |      54 |   0.0 |  2417
         Zot:1 |       0 |   55670 |   0.0 |       0 |      30 |   0.0 |  2026
         Zot:2 |       0 |  101592 |   0.0 |       0 |      42 |   0.0 |  2057
         Zot:3 |       0 |  109265 |   0.0 |       0 |      67 |   0.0 |  2788
         Zot:4 |       0 |   71263 |   0.0 |       0 |      40 |   0.0 |  2846
         Zot:5 |       0 |  143316 |   0.0 |       0 |      52 |   0.0 |  1872
         IceCv |       0 |   13794 |   0.0 |       0 |      55 |   0.0 |  1824
        WizLab |       0 |   31636 |   0.0 |       0 |      35 |   0.0 |  1327
               +---------+---------+-------+---------+---------+-------+---------
